2847 views
Uploaded 2019-12-17 23:02:11
Game version 1.32.0.4
11:20 long 4on4 ladder game on (8)Battleground_LV
Saved by BEARAND
2847 views
Uploaded 2019-12-17 23:02:11
Game version 1.32.0.4
11:20 long 4on4 ladder game on (8)Battleground_LV


82 units @ 7.8k
/ 0.1k
52 buildings @ 6.5k
/ 1.6k
koreymac3288
(2)
(11:06) : 
| Wisp | 9 | 540 | / | 0 |
| Archer | 8 | 1040 | / | 80 |
| Footman | 11 | 1485 | / | 0 |
| total: | 28 | 3065g | / | 80w |
| Altar of Elders | 1 | 180 | / | 50 |
| Ancient of War | 1 | 150 | / | 60 |
| Moon Well | 3 | 540 | / | 120 |
| Hunter's Hall | 1 | 210 | / | 100 |
| Tree of Ages | 1 | 320 | / | 180 |
| Scout Tower | 5 | 150 | / | 100 |
| Guard Tower | 3 | 210 | / | 150 |
| Farm | 4 | 320 | / | 80 |
| total: | 15 | 1550g | / | 510w |
| 0:07 | Altar of Elders |
| 0:11 | Ancient of War |
| 0:23 | Wisp |
| 0:30 | Moon Well |
| 0:37 | Wisp |
| 0:40 | Wisp |
| 1:09 | Wisp |
| 1:09 | Wisp |
| 1:11 | Wisp |
| 1:34 | Archer |
| 1:41 | Wisp |
| 1:45 | Archer |
| 1:58 | Wisp |
| 2:05 | Moon Well |
| 2:25 | Searing Arrows |
| 3:00 | Wisp |
| 3:03 | Moon Well |
| 3:05 | Archer |
| 3:05 | Archer |
| 3:06 | Archer |
| 3:37 | Tree of Ages |
| 4:51 | Trueshot Aura |
| 5:12 | Archer |
| 5:12 | Archer |
| 5:12 | Archer |
| 5:31 | Hunter's Hall |
| 6:55 | Footman |
| 6:55 | Footman |
| 6:55 | Footman |
| 6:55 | Footman |
| 6:55 | Footman |
| 6:55 | Footman |
| 6:55 | Footman |
| 6:56 | Footman |
| 6:56 | Footman |
| 7:06 | Scout Tower |
| 7:19 | Footman |
| 7:23 | Iron Forged Swords |
| 7:23 | Iron Plating |
| 7:40 | Guard Tower |
| 7:44 | Scout Tower |
| 8:10 | Guard Tower |
| 8:14 | Scout Tower |
| 8:20 | Footman |
| 8:29 | Farm |
| 8:35 | Farm |
| 9:02 | Guard Tower |
| 9:22 | Farm |
| 9:26 | Farm |
| 9:34 | Scout Tower |
| 9:47 | Scout Tower |
| Select | 139 |
| Right click | 64 |
| Build/train/purchase | 38 |
| Resource trade | 14 |
| Use ability | 6 |
| Chat | 6 |

| Mechanical Critter | 18 | 900 |
| Scroll of Regeneration | 2 | 200 |
| Lesser Clarity Potion | 3 | 210 |
| Boots of Speed | 1 | 250 |
| Staff of Teleportation | 1 | 150 |
| total: | 25 | 1710g |
| Peasant | 16 | 1200 | / | 0 |
| total: | 16 | 1200g | / | 0w |
| Altar of Kings | 1 | 180 | / | 50 |
| Farm | 2 | 160 | / | 40 |
| Lumber Mill | 6 | 720 | / | 0 |
| Arcane Vault | 10 | 1300 | / | 300 |
| total: | 19 | 2360g | / | 390w |
| 0:03 | Peasant |
| 0:03 | Peasant |
| 0:12 | Altar of Kings |
| 0:23 | Peasant |
| 0:26 | Farm |
| 0:31 | Peasant |
| 0:35 | Farm |
| 0:45 | Peasant |
| 1:02 | Peasant |
| 1:15 | Lumber Mill |
| 1:23 | Peasant |
| 1:24 | Peasant |
| 1:28 | Peasant |
| 1:43 | Lumber Mill |
| 1:45 | Peasant |
| 2:01 | Peasant |
| 2:10 | Lumber Mill |
| 2:18 | Banish |
| 2:34 | Peasant |
| 2:44 | Peasant |
| 2:44 | Peasant |
| 2:45 | Peasant |
| 3:43 | Peasant |
| 3:47 | Boots of Speed |
| 3:47 | Staff of Teleportation |
| 4:23 | Arcane Vault |
| 4:54 | Arcane Vault |
| 5:15 | Lumber Mill |
| 5:54 | Lumber Mill |
| 6:17 | Siphon Mana |
| 6:39 | Arcane Vault |
| 6:39 | Arcane Vault |
| 6:41 | Arcane Vault |
| 6:42 | Arcane Vault |
| 6:53 | Lumber Mill |
| 6:56 | Arcane Vault |
| 7:09 | Arcane Vault |
| 7:11 | Arcane Vault |
| 7:41 | Arcane Vault |
| 8:15 | Mechanical Critter |
| 8:15 | Mechanical Critter |
| 8:15 | Mechanical Critter |
| 8:15 | Mechanical Critter |
| 8:17 | Mechanical Critter |
| 8:17 | Mechanical Critter |
| 8:17 | Mechanical Critter |
| 8:19 | Mechanical Critter |
| 8:19 | Mechanical Critter |
| 8:19 | Mechanical Critter |
| 8:19 | Mechanical Critter |
| 8:21 | Mechanical Critter |
| 8:21 | Mechanical Critter |
| 8:21 | Mechanical Critter |
| 10:15 | Scroll of Regeneration |
| 10:18 | Scroll of Regeneration |
| 10:19 | Mechanical Critter |
| 10:19 | Mechanical Critter |
| 10:19 | Mechanical Critter |
| 10:20 | Mechanical Critter |
| 10:29 | Lesser Clarity Potion |
| 10:29 | Lesser Clarity Potion |
| 10:29 | Lesser Clarity Potion |
| Right click | 756 |
| Chat | 426 |
| Build/train/purchase | 272 |
| Select | 199 |
| Select group | 75 |
| Misc. action | 17 |
| Assign group | 11 |
| Use ability | 10 |
| Item give/drop | 6 |
| Remove unit | 1 |

| Wisp | 11 | 660 | / | 0 |
| Archer | 6 | 780 | / | 60 |
| total: | 17 | 1440g | / | 60w |
| Moon Well | 5 | 900 | / | 200 |
| Altar of Elders | 1 | 180 | / | 50 |
| Ancient of War | 2 | 300 | / | 120 |
| Hunter's Hall | 1 | 210 | / | 100 |
| total: | 9 | 1590g | / | 470w |
| 0:05 | Wisp |
| 0:05 | Wisp |
| 0:06 | Wisp |
| 0:07 | Wisp |
| 0:25 | Moon Well |
| 0:37 | Altar of Elders |
| 0:53 | Ancient of War |
| 0:56 | Ancient of War |
| 0:59 | Wisp |
| 1:00 | Wisp |
| 1:00 | Wisp |
| 1:00 | Wisp |
| 1:00 | Wisp |
| 1:00 | Wisp |
| 1:06 | Wisp |
| 1:46 | Moon Well |
| 2:13 | Hunter's Hall |
| 2:29 | Moon Well |
| 2:39 | Archer |
| 2:42 | Force of Nature |
| 2:51 | Archer |
| 2:51 | Archer |
| 3:30 | Archer |
| 3:57 | Archer |
| 4:17 | Archer |
| 4:29 | Moon Well |
| 4:37 | Moon Well |
| Select | 80 |
| Right click | 32 |
| Build/train/purchase | 22 |
| Use ability | 6 |

| Peasant | 13 | 975 | / | 0 |
| Footman | 8 | 1080 | / | 0 |
| total: | 21 | 2055g | / | 0w |
| Altar of Kings | 1 | 180 | / | 50 |
| Farm | 4 | 320 | / | 80 |
| Barracks | 1 | 160 | / | 60 |
| Arcane Vault | 1 | 130 | / | 30 |
| Lumber Mill | 1 | 120 | / | 0 |
| Blacksmith | 1 | 140 | / | 60 |
| total: | 9 | 1050g | / | 280w |
| 0:09 | Peasant |
| 0:09 | Peasant |
| 0:09 | Peasant |
| 0:22 | Altar of Kings |
| 0:26 | Farm |
| 0:32 | Barracks |
| 0:43 | Peasant |
| 0:56 | Peasant |
| 1:05 | Farm |
| 1:14 | Peasant |
| 1:30 | Peasant |
| 1:34 | Footman |
| 1:57 | Farm |
| 2:00 | Farm |
| 2:05 | Footman |
| 2:09 | Peasant |
| 2:09 | Peasant |
| 2:36 | Arcane Vault |
| 2:39 | Summon Water Elemental |
| 3:04 | Footman |
| 3:07 | Lumber Mill |
| 3:33 | Footman |
| 3:33 | Footman |
| 3:37 | Blacksmith |
| 4:17 | Peasant |
| 4:17 | Peasant |
| 4:20 | Peasant |
| 4:22 | Blizzard |
| 5:13 | Peasant |
| 5:15 | Footman |
| 5:15 | Footman |
| 5:15 | Footman |
| Right click | 117 |
| Select | 100 |
| Chat | 41 |
| Build/train/purchase | 30 |
| Select group | 23 |
| Misc. action | 22 |
| Assign group | 7 |
| Use ability | 3 |
/ 0.8k
38 buildings @ 6.6k
/ 1.9k

| Acolyte | 3 | 225 | / | 0 |
| Ghoul | 24 | 2880 | / | 0 |
| total: | 27 | 3105g | / | 0w |
| Altar of Darkness | 1 | 180 | / | 50 |
| Ziggurat | 4 | 600 | / | 200 |
| Crypt | 2 | 400 | / | 100 |
| total: | 7 | 1180g | / | 350w |
| 0:05 | Acolyte |
| 0:09 | Altar of Darkness |
| 0:15 | Ziggurat |
| 0:27 | Crypt |
| 0:38 | Acolyte |
| 0:53 | Acolyte |
| 1:32 | Ziggurat |
| 1:36 | Ghoul |
| 1:37 | Ghoul |
| 1:37 | Ghoul |
| 1:50 | Crypt |
| 2:01 | Ghoul |
| 2:01 | Ghoul |
| 2:17 | Ziggurat |
| 2:24 | Unholy Aura |
| 2:27 | Ghoul |
| 2:53 | Ghoul |
| 3:07 | Ziggurat |
| 3:24 | Ghoul |
| 3:30 | Ghoul |
| 3:30 | Ghoul |
| 3:48 | Ghoul |
| 3:54 | Ghoul |
| 3:54 | Ghoul |
| 4:27 | Ghoul |
| 4:50 | Ghoul |
| 5:08 | Death Coil |
| 5:18 | Ghoul |
| 6:11 | Ghoul |
| 6:54 | Ghoul |
| 6:54 | Ghoul |
| 6:54 | Ghoul |
| 6:54 | Ghoul |
| 6:54 | Ghoul |
| 7:16 | Ghoul |
| 7:43 | Ghoul |
| 9:42 | Unholy Aura |
| Chat | 596 |
| Right click | 256 |
| Select | 92 |
| Build/train/purchase | 34 |
| Use ability | 3 |
| Minimap ping | 3 |

| Acolyte | 3 | 225 | / | 0 |
| Ghoul | 21 | 2520 | / | 0 |
| total: | 24 | 2745g | / | 0w |
| Crypt | 2 | 400 | / | 100 |
| Altar of Darkness | 1 | 180 | / | 50 |
| Ziggurat | 7 | 1050 | / | 350 |
| Graveyard | 1 | 215 | / | 0 |
| total: | 11 | 1845g | / | 500w |
| 0:04 | Acolyte |
| 0:15 | Crypt |
| 0:21 | Altar of Darkness |
| 0:25 | Ziggurat |
| 0:33 | Acolyte |
| 0:33 | Acolyte |
| 1:03 | Ziggurat |
| 1:25 | Ghoul |
| 1:35 | Crypt |
| 1:47 | Ghoul |
| 2:09 | Ghoul |
| 2:26 | Vampiric Aura |
| 2:28 | Ghoul |
| 2:42 | Ghoul |
| 2:53 | Ghoul |
| 2:58 | Cannibalize |
| 3:03 | Ziggurat |
| 3:32 | Ghoul |
| 3:43 | Ghoul |
| 4:22 | Ghoul |
| 4:27 | Ziggurat |
| 4:59 | Carrion Swarm |
| 5:12 | Ghoul |
| 5:40 | Ghoul |
| 5:44 | Ghoul |
| 6:23 | Ghoul |
| 6:31 | Graveyard |
| 6:49 | Ghoul |
| 7:19 | Ghoul |
| 7:20 | Ghoul |
| 7:42 | Vampiric Aura |
| 8:19 | Ghoul |
| 8:24 | Ziggurat |
| 8:29 | Unholy Strength |
| 9:16 | Ghoul |
| 9:20 | Ghoul |
| 9:21 | Ghoul |
| 9:25 | Unholy Armor |
| 9:29 | Improved Unholy Armor |
| 10:39 | Ghoul |
| 10:42 | Ziggurat |
| 10:51 | Ziggurat |
| 11:17 | Carrion Swarm |
| Right click | 183 |
| Select | 159 |
| Build/train/purchase | 46 |
| Misc. action | 20 |
| Use ability | 2 |
| Remove unit | 2 |

| Wisp | 13 | 780 | / | 0 |
| Archer | 8 | 1040 | / | 80 |
| Huntress | 13 | 2535 | / | 260 |
| total: | 34 | 4355g | / | 340w |
| Altar of Elders | 1 | 180 | / | 50 |
| Moon Well | 6 | 1080 | / | 240 |
| Ancient of War | 2 | 300 | / | 120 |
| Hunter's Hall | 1 | 210 | / | 100 |
| Tree of Ages | 3 | 960 | / | 540 |
| Tree of Eternity | 1 | 330 | / | 200 |
| total: | 10 | 1770g | / | 510w |
| 0:05 | Altar of Elders |
| 0:06 | Moon Well |
| 0:08 | Wisp |
| 0:08 | Wisp |
| 0:08 | Wisp |
| 0:17 | Wisp |
| 0:27 | Wisp |
| 0:35 | Ancient of War |
| 0:41 | Wisp |
| 0:54 | Wisp |
| 0:54 | Wisp |
| 1:24 | Moon Well |
| 1:30 | Wisp |
| 1:30 | Wisp |
| 1:30 | Wisp |
| 1:39 | Archer |
| 1:40 | Archer |
| 1:55 | Archer |
| 1:55 | Archer |
| 2:04 | Fan of Knives |
| 2:19 | Ancient of War |
| 2:23 | Moon Well |
| 2:40 | Archer |
| 2:40 | Archer |
| 2:58 | Hunter's Hall |
| 3:28 | Archer |
| 3:28 | Archer |
| 4:19 | Huntress |
| 4:19 | Huntress |
| 4:30 | Huntress |
| 4:30 | Huntress |
| 4:41 | Shadow Strike |
| 5:10 | Tree of Ages |
| 5:12 | Huntress |
| 5:12 | Huntress |
| 5:25 | Strength of the Wild |
| 5:31 | Wisp |
| 5:31 | Wisp |
| 5:34 | Reinforced Hides |
| 6:00 | Huntress |
| 6:00 | Huntress |
| 6:04 | Huntress |
| 6:04 | Huntress |
| 6:20 | Fan of Knives |
| 6:43 | Tree of Ages |
| 7:12 | Strength of the Moon |
| 7:13 | Moon Armor |
| 7:21 | Moon Well |
| 7:40 | Moon Well |
| 8:47 | Huntress |
| 8:47 | Huntress |
| 8:47 | Huntress |
| 9:32 | Blink |
| 9:48 | Tree of Eternity |
| 9:51 | Moon Well |
| Right click | 562 |
| Select | 180 |
| Build/train/purchase | 59 |
| Misc. action | 8 |
| Remove unit | 4 |
| Use ability | 1 |

| Wisp | 9 | 540 | / | 0 |
| Archer | 10 | 1300 | / | 100 |
| Huntress | 4 | 780 | / | 80 |
| Glaive Thrower | 5 | 1050 | / | 325 |
| total: | 28 | 3670g | / | 505w |
| Altar of Elders | 1 | 180 | / | 50 |
| Moon Well | 6 | 1080 | / | 240 |
| Ancient of War | 2 | 300 | / | 120 |
| Hunter's Hall | 1 | 210 | / | 100 |
| total: | 10 | 1770g | / | 510w |
| 0:02 | Wisp |
| 0:02 | Wisp |
| 0:07 | Altar of Elders |
| 0:10 | Moon Well |
| 0:22 | Ancient of War |
| 0:33 | Wisp |
| 0:50 | Wisp |
| 1:14 | Wisp |
| 1:25 | Archer |
| 1:25 | Archer |
| 1:31 | Wisp |
| 1:40 | Moon Well |
| 1:52 | Archer |
| 1:58 | Wisp |
| 2:11 | Force of Nature |
| 2:21 | Ancient of War |
| 2:33 | Wisp |
| 2:37 | Moon Well |
| 2:51 | Archer |
| 2:57 | Wisp |
| 3:28 | Archer |
| 3:46 | Hunter's Hall |
| 4:19 | Archer |
| 4:44 | Entangling Roots |
| 4:52 | Huntress |
| 5:15 | Huntress |
| 5:31 | Archer |
| 5:43 | Huntress |
| 5:47 | Moon Well |
| 6:38 | Huntress |
| 6:40 | Archer |
| 6:43 | Force of Nature |
| 7:03 | Archer |
| 7:09 | Moon Well |
| 7:27 | Glaive Thrower |
| 8:22 | Glaive Thrower |
| 9:10 | Glaive Thrower |
| 9:19 | Archer |
| 10:21 | Glaive Thrower |
| 10:23 | Glaive Thrower |
| 11:07 | Entangling Roots |
| 11:16 | Moon Well |
| Right click | 240 |
| Select | 173 |
| Chat | 105 |
| Build/train/purchase | 33 |
| Use ability | 11 |
| Minimap ping | 6 |
| Misc. action | 5 |
| Remove unit | 3 |
⇛